 Dungeon Sprint DCSS version 0.22-a0-354-g30dfbe6 (webtiles) character file.

7 Kikal the Ruffian (level 2, -2/31 HPs)
             Began as an Ogre Transmuter on Apr 16, 2018.
             Slain by a human (7 damage)
             ... in the Dungeon (Sprint III: "The Ten Rune Challenge").
             The game lasted 00:01:57 (171 turns).

Kikal the Ruffian (Ogre Transmuter)                  Turns: 171, Time: 00:01:58

Health: -2/31      AC:  3    Str: 13    XL:     2   Next: 0%
Magic:  1/5        EV: 10    Int: 14    God:
Gold:   5          SH:  0    Dex:  9    Spells: 3/6 levels left

rFire    . . .     SeeInvis .     - Unarmed
rCold    . . .     Gourm    .   (no shield)
rNeg     . . .     Faith    .   b - +0 robe
rPois    .         Spirit   .   (helmet restricted)
rElec    .         Reflect  .   (no cloak)
rCorr    .         Harm     .   (gloves unavailable)
MR       .....     NoTele   +   (boots unavailable)
Stlth    +.........             (no amulet)
HPRegen  0.10/turn              (no ring)
MPRegen  0.09/turn              (no ring)

@: appendage
A: large, unfitting armour, horns 2, tough skin 1
a: End Transformation


You were in the Dungeon.
You were not hungry.
You had grown temporary horns.
You visited 1 branch You collected 5 gold pieces.

Inventory:

Missiles
 a - 10 arrows
Armour
 b - a +0 robe (worn)
Scrolls
 j - a scroll of blinking
Potions
 e - a potion of curing
 f - a potion of heal wounds
 g - a potion of haste
 h - 2 potions of magic
 i - a potion of berserk rage
Comestibles
 c - a chunk of flesh
 d - a ration


   Skills:
 - Level 3.0 Fighting
 - Level 1.7 Dodging
 + Level 3.3 Unarmed Combat
 + Level 2.5 Spellcasting
 + Level 2.6 Transmutations


You had 3 spell levels left.
You knew the following spells:

 Your Spells              Type           Power        Failure   Level  Hunger
a - Beastly Appendage     Tmut           #.....       8%          1    #......
b - Sticks to Snakes      Tmut           #.......     12%         2    ###....


Dungeon Overview and Level Annotations

Branches:
Dungeon (1/1)

Altars:

Annotations:
D Crazy Yiuf


Innate Abilities, Weirdness & Mutations

You are too large for most types of armour.
You have tough skin. (AC +1)
You have a pair of horns on your head.


Message History

Your ball python constricts Crazy Yiuf.
Casting: Sticks to Snakes (safe; 12% risk of failure)
You don't have enough magic to cast that spell.
Casting: Sticks to Snakes (safe; 12% risk of failure)
You grow a pair of large bovine horns.
You now have 0/5 mp.
You closely miss the human. Your headbutt misses the human.
The human closely misses you.
You hit the human. The human hits you!
* * * LOW HITPOINT WARNING * * *
You take 7 damage, and have 7/31 hp.
MASSIVE DAMAGE!!
You hit the human. Your headbutt misses the human.
The human closely misses you.
You hit the human.
You headbutt the human, but do no damage.
You closely miss the human. The human hits you.
* * * LOW HITPOINT WARNING * * *
You take 2 damage, and have 5/31 hp.
You closely miss the human. The human hits you!
You die...

▓▓▓▓▓▓▓▓▓
▓<..#[..####
▓...#......##
▓..##.......# .#
▓##.##p##...# .#
##.##.###..# ..#
▓#@####.##..# ...+
▓p###..##..##
#...# ▓#.p.gS##..#
#....#
###..##...##.....#
##..##....#......#
#..###..##.#.....#
#..# #.. ####....#
▓▓▓▓ ▓▓▓ ▓▓▓▓▓


You could see a human.

Vanquished Creatures
  An ooze (D)
  3 rats (D)
4 creatures vanquished.

Vanquished Creatures (others)
  A draconian scorcher (D)
  5 hellions (D)
6 creatures vanquished.

Grand Total: 10 creatures vanquished

Notes
Turn   | Place    | Note
-------+----------+-------------------------------------------
     0 | D        | Kikal the Ogre Transmuter began the quest for the Orb.
     0 | D        | Reached XP level 1. HP: 19/19 MP: 3/3
   105 | D        | Killed a hellion
   107 | D        | Killed a hellion
   121 | D        | Killed a hellion
   121 | D        | Killed a hellion
   122 | D        | Reached XP level 2. HP: 31/31 MP: 3/5
   123 | D        | Killed a hellion
   126 | D        | Learned a level 2 spell: Sticks to Snakes
   132 | D        | Noticed Crazy Yiuf
   157 | D        | Killed a white draconian scorcher
   171 | D        | Slain by a human

Vault maps used:
D:        dungeon_sprint_mu

Skill      XL: |  1 |
---------------+----+-----
Transmutations | 2 |  2.6
Fighting       | 3 |  3.0
Unarmed Combat | 3 |  3.3
Dodging        | |  1.7
Spellcasting   | |  2.5

Action                   || total
-------------------------++-------
Melee: Unarmed           ||    27
       Kick              ||     3
       Headbutt          ||     1
 Cast: Beastly Appendage ||     3
       Sticks to Snakes  ||     2
Armor: Robe              ||     3
Dodge: Dodged            ||    12

Table legend:
 A = Spawn XP
 B = Non-spawn XP
 C = Spawn XP percentage of total XP
 D = Spawn monster count
 E = Non-spawn monster count
 F = Spawn count percentage of total count
 G = Total turns spent on level
                    A         B        C        D         E        F      G
               +---------+---------+-------+---------+---------+-------+---------
         Total |       0 |      10 |   0.0 |       0 |       4 |   0.0 |   171
               +---------+---------+-------+---------+---------+-------+---------
             D |       0 |      10 |   0.0 |       0 |       4 |   0.0 |   171
               +---------+---------+-------+---------+---------+-------+---------
